 Dungeon Crawl Stone Soup version 0.28-a0-1084-ga282ea246d (webtiles) character file.

Game seed: 8778073526895831457

113 Peloso the Skirmisher (level 4, -1/41 HPs)
             Began as a Minotaur Fighter on Dec 10, 2021.
             Killed from afar by Sigmund (8 damage)
             ... with a magic dart
             ... on level 3 of the Dungeon.
             The game lasted 00:04:09 (1884 turns).

Peloso the Skirmisher (Minotaur Fighter)            Turns: 1884, Time: 00:04:09

Health: -1/41      AC:  9    Str: 20    XL:     4   Next: 65%
Magic:  3/3        EV:  9    Int:  5    God:
Gold:   92         SH:  5    Dex: 12    Spells: 3/3 levels left

rFire   . . .      SeeInvis .   a - +0 long sword
rCold   . . .      Faith    .   c - +0 buckler
rNeg    . . .      Spirit   .   k - +0 scale mail
rPois   .          Reflect  .   (helmet restricted)
rElec   .          Harm     .   l - +0 cloak
rCorr   .          Rampage  .   (no gloves)
Will    .....                   h - +0 pair of boots
Stlth   ..........              (no amulet)
HPRegen 0.13/turn               (no ring)
MPRegen 0.08/turn               (no ring)

@: mighty
A: horns 2, retaliatory headbutt
a: no special abilities


You were on level 3 of the Dungeon.
You visited 1 branch of the dungeon, and saw 3 of its levels.

You collected 92 gold pieces.

Inventory:

Hand Weapons
 a - a +0 long sword (weapon)
 b - a +1 hand axe of flaming
Armour
 c - a +0 buckler (worn)
 h - a +0 pair of boots (worn)
 k - a +0 scale mail (worn)
 l - a +0 cloak (worn)
Jewellery
 e - an amulet of faith
Potions
 f - a potion of curing {unknown}
 g - a potion of attraction {unknown}
 i - a potion of haste {unknown}
 j - a potion of brilliance {unknown}


   Skills:
 + Level 4.4 Fighting
 + Level 3.9 Long Blades
 + Level 4.3 Armour
 + Level 0.4 Dodging
 + Level 0.8 Stealth
 + Level 4.2 Shields


You had 3 spell levels left.
You didn't know any spells.
Your spell library contained the following spells:

 Spells                   Type           Power      Damage    Failure   Level
 Animate Dead             Necr           0%         N/A       100%        4
 Borgnjor's Vile Clutch   Necr/Erth      0%         N/A       100%        5
 Death Channel            Necr           0%         N/A       100%        6


Dungeon Overview and Level Annotations

Branches:
Dungeon (3/15)

Altars:

Annotations:
D:3 1 runed translucent door, Sigmund


Innate Abilities, Weirdness & Mutations

You have a pair of horns on your head.
You reflexively headbutt those who attack you in melee.


Message History

You slash Sigmund!
Sigmund is heavily wounded.
Sigmund hits you with a +0 scythe!
You're too confused to move!
Sigmund points at you and mumbles some strange words.
You are more confused.
You bump into the rock wall.
Sigmund misses you.
You bump into the rock wall.
You hear the brisk rusting of a very distant drain.
Sigmund hits you from afar with a +0 scythe.
Unknown command.
You bump into the rock wall.
You bump into the rock wall.
Sigmund casts a spell at you.
You are more confused.
Sigmund completely misses you.
You bump into the rock wall.
Sigmund hits you but does no damage.
You bump into the rock wall.
You bump into the rock wall.
Sigmund hits you with a +0 scythe.
You feel less confused. You block Sigmund's attack.
You closely miss Sigmund. You headbutt Sigmund.
Sigmund is heavily wounded.
Sigmund points at you and mumbles some strange words.
The magic dart hits you!
* * * LOW HITPOINT WARNING * * *
You barely miss Sigmund.
Sigmund is heavily wounded.
Sigmund hits you with a +0 scythe.
* * * LOW HITPOINT WARNING * * *
You barely miss Sigmund. Your headbutt misses Sigmund.
Sigmund is heavily wounded.
Sigmund casts a spell at you. The magic dart hits you.
* * * LOW HITPOINT WARNING * * *
You slash Sigmund!
Sigmund is severely wounded.
Sigmund points at you and mumbles some strange words.
The magic dart hits you!
You die...

.. .# . #. . # .#
.## # . ##.## .# ..#
#.# .##.####... .#
#.###.###.##.......#
.#####.#.....#.##.#
.......#.# #..##@##
........<# #..)@##
..###..#.###.#.##
..# #........#.# ..#
#..#.#####.#
.......#.# #.#
.##.##.#.# #.#
.##.##.#.. ..# .##
##.### #.#


You could see Sigmund.

Vanquished Creatures
  Robin (D:3)
  3 adders
  2 dart slugs (D:2)
  An orc (D:3)
  6 bats
  7 endoplasms
  3 giant cockroaches
  13 goblins
  10 hobgoblins
  2 quokkas
  5 ball pythons
  3 frilled lizards
  7 kobolds
  A rat (D:1)
64 creatures vanquished.

Notes
Turn   | Place    | Note
-------+----------+-------------------------------------------
     0 | D:1      | Peloso the Minotaur Fighter began the quest for the Orb.
     0 | D:1      | Reached XP level 1. HP: 19/19 MP: 0/0
    39 | D:1      | Found a faded altar of an unknown god.
   501 | D:1      | Reached XP level 2. HP: 27/27 MP: 1/1
   892 | D:2      | Reached XP level 3. HP: 9/33 MP: 2/2
  1534 | D:3      | Reached XP level 4. HP: 29/41 MP: 3/3
  1628 | D:3      | Found a runed translucent door.
  1746 | D:3      | Noticed Robin
  1768 | D:3      | Killed Robin
  1859 | D:3      | Noticed Sigmund
  1884 | D:3      | Killed from afar by Sigmund

Illustrated notes

Levels and vault maps discovered:
D:1:      lemuel_arrival_tunnels, layout_basic,
          shapermc_ecumenical_altar_mp_urbaneastern
D:2:      layout_rooms, minmay_heptomino_l4
D:3:      layout_loops_ring, general_overflow_altar,
          mainiacjoe_overflow_alcove_4, portal_sewer_entry_e,
          uniq_crazy_yiuf_cottage, uniq_robin, uniq_sigmund

Skill      XL: |  1  2 |
---------------+-------+-----
Armour         | 4 |  4.3
Fighting       | 4 |  4.4
Shields        | 4 |  4.2
Long Blades    | 3 |  3.9
Dodging        | |  0.4
Stealth        | |  0.8

Action                   |  1- 3 |  4- 6 || total
-------------------------+-------+-------++-------
Melee: Long sword        |    78 |    50 ||   128
       Headbutt          |     7 |     5 ||    12
  Use: Scroll            |       |     1 ||     1
       Potion            |       |     1 ||     1
Armor: Scale mail        |    45 |    21 ||    66
Dodge: Dodged            |    49 |    18 ||    67
Block: Buckler           |    26 |     5 ||    31

Table legend: (Time is in decaauts)
 A = Elapsed time spent in this place.
 B = Non-inter-level travel time spent in this place.
 C = Inter-level travel time spent in this place.
 D = Time resting spent in this place.
 E = Time spent auto-exploring this place.
 F = Levels seen in this place.
 G = Mean time per level.
                   A        B        C        D        E       F      G
               +--------+--------+--------+--------+--------+-----+--------+
         Total |   1913 |   1880 |     33 |      0 |   1247 |   3 |  637.7 |
       Dungeon |   1913 |   1880 |     33 |      0 |   1247 |   3 |  637.7 |
               +--------+--------+--------+--------+--------+-----+--------+

Top non-repeatable levels by time:
     D:1: 823 daAuts
     D:2: 722 daAuts
     D:3: 368 daAuts
